 Dungeon Crawl Stone Soup version 0.18.1-48-g4cf74bf (webtiles) character file.

95 WarriorsX the Skirmisher (level 4, -7/38 HPs)
             Began as a Human Fighter on July 30, 2016.
             Killed by divine providence
             ... invoked by an orc priest
              (15 damage)
             ... on level 3 of the Dungeon.
             The game lasted 00:02:45 (1549 turns).

WarriorsX the Skirmisher (Human Fighter)            Turns: 1549, Time: 00:02:46

Health: -7/38      AC:  7    Str: 17    XL:     4   Next: 95%
Magic:  4/4        EV:  7    Int:  8    God:
Gold:   52         SH:  9    Dex: 13    Spells: 0 memorised, 3 levels left

rFire  . . .     SeeInvis .     a - +0 long sword
rCold  . . .     Gourm    .     b - +0 scale mail
rNeg   . . .     Faith    .     c - +0 shield
rPois  .         Spirit   .     (no helmet)
rElec  .         Dismiss  .     r - +0 cloak
rCorr  .         Reflect  .     (no gloves)
SustAt .         Harm     .     (no boots)
MR     .....                    (no amulet)
Stlth  ..........               (no ring)
                                (no ring)

@: not resistant to hostile enchantments, extremely unstealthy
A: no striking features
a: no special abilities


You were on level 3 of the Dungeon.
You were hungry.

You visited 1 branch of the dungeon, and saw 3 of its levels.

You collected 52 gold pieces.

Inventory:

Hand Weapons
 a - a +0 long sword (weapon)
Armour
 b - a +0 scale mail (worn)
 c - a +0 shield (worn)
 i - a +0 cloak
 r - a +0 cloak (worn)
Jewellery
 q - an uncursed ring of positive energy {unknown}
Scrolls
 e - a scroll of enchant weapon {unknown}
 j - 3 scrolls of remove curse
 n - a scroll of teleportation
 o - a scroll of recharging {unknown}
 p - a scroll of magic mapping
Potions
 d - a potion of might
 k - a potion of brilliance {unknown}
 l - a potion of flight {unknown}
 m - 2 potions of mutation {unknown}
Comestibles
 f - 4 bread rations
 g - a meat ration
 h - a fruit


   Skills:
 + Level 4.3 Fighting
 + Level 3.4 Long Blades
 - Level 3.0 Armour
 - Level 3.0 Shields


You had 3 spell levels left.
You didn't know any spells.

Dungeon Overview and Level Annotations

Branches:
Dungeon (3/15)

Altars:
Xom


Message History

The orc hits you but does no damage.
You hit the orc.
You kill the orc!
You hit the orc but do no damage.
You are feeling hungry.
You block the orc's attack.
You closely miss the orc. You block the orc's attack.
The orc priest invokes the aid of Beogh against you.
Beogh smites you!
* * * LOW HITPOINT WARNING * * *
You block the orc's attack.
You hit the orc.
The orc is lightly wounded.
The orc hits you but does no damage.
You hit the orc.
You kill the orc!
The orc priest looks braver for a moment.
The orc priest calls down the wrath of Beogh upon you.
Beogh smites you!
You die...

.. #.# #.# #.#. ..##
#######.######.####... .....
....................#. .....
...................... #.....
..........####.###..#.
......########.### #........
...>..)..# #.# ###..##....
.........#####.####....##....
.........o.o@................
#.....###.###..###.##........
...... #.# #................
#.#.# ... #..###.##..##....
./.. ....##..###.##..##....
..# #....##..##............
.. .................#.....
........................
##..##........


You could see an orc priest and an orc.

Vanquished Creatures
  3 adders
  An ooze (D:2)
  A worm (D:2)
  2 dart slugs
  A giant gecko (D:2)
  3 orcs (D:3)
  5 bats
  4 giant cockroaches
  2 goblins (D:2)
  5 hobgoblins
  7 jackals
  8 kobolds
  A quokka (D:3)
  A giant newt (D:3)
  4 rats
48 creatures vanquished.

Notes
Turn   | Place    | Note
--------------------------------------------------------------
     0 | D:1      | WarriorsX the Human Fighter began the quest for the Orb.
     0 | D:1      | Reached XP level 1. HP: 18/18 MP: 1/1
    85 | D:1      | Reached XP level 2. HP: 21/24 MP: 2/2
   453 | D:2      | Reached XP level 3. HP: 28/29 MP: 3/3
   627 | D:2      | Found a shimmering altar of Xom.
   703 | D:2      | Reached skill level 4 in Fighting
   967 | D:2      | Reached XP level 4. HP: 33/37 MP: 4/4
  1549 | D:3      | Killed from afar by an orc priest

Skill      XL: |  1  2  3  4 |
---------------+-------------+-----
Fighting       | 4 |  4.3
Long Blades    | 3 |  3.4
Armour         | |  3.0
Shields        | |  3.0

Action                   |  1- 3 |  4- 6 || total
-------------------------+-------+-------++-------
Melee: Long sword        |   119 |    76 ||   195
  Use: Scroll            |     5 |       ||     5
  Eat: Chunk             |       |     2 ||     2
Armor: Scale mail        |    51 |    21 ||    72
Dodge: Dodged            |    32 |    14 ||    46
Block: Shield            |    72 |    42 ||   114
